 Dungeon Crawl Stone Soup version 0.19.0-19-g8c6edcc (webtiles) character file.

14 vev the Skirmisher (level 2, -6/24 HPs)
             Began as a Formicid Abyssal Knight on Nov 14, 2016.
             Was a Follower of Lugonu.
             Mangled by a gnoll
             ... wielding a +0 halberd
              (8 damage)
             ... on level 2 of the Dungeon.
             The game lasted 00:01:31 (938 turns).

vev the Skirmisher (Formicid Abyssal Knight)         Turns: 938, Time: 00:01:32

Health: -6/24      AC:  3    Str: 16    XL:     2   Next: 60%
Magic:  4/4        EV: 10    Int: 11    God:    Lugonu [*.....]
Gold:   70         SH:  3    Dex: 10    Spells: 0 memorised, 1 level left

rFire  . . .     SeeInvis +     a - +1 mace
rCold  . . .     Gourm    .     b - +0 leather armour
rNeg   . . .     Faith    .     d - +0 buckler
rPois  .         Spirit   .     (helmet unavailable)
rElec  .         Reflect  .     (no cloak)
rCorr  .         Harm     .     (no gloves)
MR     .....                    (no boots)
Stlth  +.........               (no amulet)
                                (no ring)
                                (no ring)

@: no status effects
A: permanent stasis, dig shafts and tunnels, four strong arms, antennae 3
a: Dig, Shaft Self, Depart the Abyss, Renounce Religion


You were on level 2 of the Dungeon.
You worshipped Lugonu.
Lugonu was aware of your devotion.
You were not hungry.

You visited 1 branch of the dungeon, and saw 2 of its levels.
You visited the Abyss 1 time.

You collected 70 gold pieces.

Inventory:

Hand Weapons
 a - a +1 mace (weapon)
Armour
 b - a +0 leather armour (worn)
 d - a +0 buckler (worn)
Scrolls
 e - 4 scrolls of identify {unknown}
 f - a scroll of amnesia {unknown}
Potions
 g - a potion of curing {unknown}
 h - a potion of degeneration {unknown}
 j - a potion of brilliance {unknown}
Comestibles
 c - 3 bread rations
 i - a chunk of flesh


   Skills:
 + Level 3.3 Fighting
 + Level 2.1 Maces & Flails
 + Level 2.4 Armour
 + Level 1.2 Dodging
 + Level 0.0 Shields
 + Level 2.7 Invocations


You had one spell level left.
You didn't know any spells.

Dungeon Overview and Level Annotations

Branches:
Dungeon (2/15)

Altars:
Ashenzari


Innate Abilities, Weirdness & Mutations

You are under a permanent stasis effect.
You can dig through walls and to a lower floor.
Your four strong arms can wield two-handed weapons with a shield.
You have a pair of large antennae on your head. (SInv)


Message History

The gnoll is almost dead.
The kobold shouts!
The gnoll hits you with a spear!
* * * LOW HITPOINT WARNING * * *
The gnoll hits you from afar with a halberd.
* * * LOW HITPOINT WARNING * * *
The gnoll hits you with a spear.
* * * LOW HITPOINT WARNING * * *
You extend your mandibles.
You dig through the rock wall.
You hear an angry hiss.
You dig through the rock wall.
You dig through the rock wall.
You dig through the rock wall.
You dig through the rock wall.
You dig through the rock wall.
You dig through the rock wall.
You retract your mandibles.
The gnoll hits you from afar with a halberd!
You die...

# #.# ###.#...## #. {
#.#####.#....# #.{{ {{
##.#......#.... #S{
#.........#.... #{#####
#...#.....##... #g{{{.#######
#...#......#...
#####{#{#{#g#####.##......##.#
#..#{#.#.#...#.####....#.#
#.######.@...##...###.####
##.## #.#..<#......###S.
#...#####.##........... ._.
.##....................# ..
#..............#.....###
##.####[.#<..#.###.###
##...........#.. ...
#####.#....####.... {
#.##.#... #.).


You could see a gnoll.

Vanquished Creatures
  3 bats
  A giant cockroach (D:1)
  3 goblins (D:1)
  A hobgoblin (D:1)
  3 kobolds
  3 rats
14 creatures vanquished.

Notes
Turn   | Place    | Note
-------+----------+-------------------------------------------
     0 | Abyss:1  | vev the Formicid Abyssal Knight began the quest for the Orb.
     0 | Abyss:1  | Reached XP level 1. HP: 18/18 MP: 2/2
    48 | D:1      | Escaped the Abyss
    69 | D:1      | Reached skill level 1 in Dodging
   315 | D:1      | Reached XP level 2. HP: 23/24 MP: 3/3
   890 | D:2      | Found a shattered altar of Ashenzari.
   928 | D:2      | HP: 1/24 [gnoll/spear (2)]
   938 | D:2      | Mangled by a gnoll

Skill      XL: |  1 |
---------------+----+-----
Dodging        | 1 |  1.2
Fighting       | |  3.3
Maces & Flails | |  2.1
Armour         | |  2.4
Invocations    | |  2.7

Action                   || total
-------------------------++-------
Melee: Mace              ||    57
 Abil: Dig               ||     1
  Use: Scroll            ||     1
Armor: Leather armour    ||    13
Dodge: Dodged            ||    33
Block: Buckler           ||     7
